 Dungeon Crawl Stone Soup version 0.21-a0-404-g291f19a (webtiles) character file.

15 drevant the Skirmisher (level 2, -1/24 HPs)
             Began as a Demonspawn Abyssal Knight on Oct 30, 2017.
             Was a Follower of Lugonu.
             Slain by a gnoll
             ... wielding a +0 whip
              (7 damage)
             ... on level 1 of the Dungeon.
             The game lasted 00:01:47 (938 turns).

drevant the Skirmisher (Demonspawn Abyssal Knight)   Turns: 938, Time: 00:01:48

Health: -1/24      AC:  3    Str: 12    XL:     2   Next: 34%
Magic:  3/3        EV: 11    Int: 13    God:    Lugonu [*.....]
Gold:   12         SH:  0    Dex: 12    Spells: 1/1 levels left

rFire    . . .     SeeInvis .   a - +1 hand axe
rCold    . . .     Gourm    .   (no shield)
rNeg     . . .     Faith    .   b - +0 leather armour
rPois    .         Spirit   .   (no helmet)
rElec    .         Reflect  .   (no cloak)
rCorr    .         Harm     .   (no gloves)
MR       .....                  (no boots)
Stlth    +.........             (no amulet)
HPRegen  0.08/turn              (no ring)
MPRegen  0.08/turn              (no ring)

@: no status effects
A: powered by pain 1
a: Depart the Abyss, Renounce Religion


You were on level 1 of the Dungeon.
You worshipped Lugonu.
Lugonu was aware of your devotion.
You were not hungry.

You visited 1 branch of the dungeon, and saw 2 of its levels.
You visited the Abyss 1 time.

You collected 12 gold pieces.

Inventory:

Hand Weapons
 a - a +1 hand axe (weapon)
Armour
 b - a +0 leather armour (worn)
Scrolls
 d - a scroll of teleportation {unknown}
 g - 2 scrolls of magic mapping {unknown}
Potions
 e - a potion of haste {unknown}
 i - a potion of invisibility {unknown}
Comestibles
 c - 2 bread rations
 f - a chunk of flesh
 h - a royal jelly


   Skills:
 + Level 3.1 Fighting
 * Level 2.2 Axes
 + Level 2.0 Armour
 + Level 1.1 Dodging
 + Level 2.6 Invocations


You had one spell level left.
You didn't know any spells.

Dungeon Overview and Level Annotations

Branches:
Dungeon (2/15)

Altars:


Innate Abilities, Weirdness & Mutations

You sometimes gain a little power by taking damage.


Message History

The gnoll barely misses you.
You hit the gnoll.
The gnoll is heavily wounded.
You hit the bat. The bat closely misses you. The gnoll hits you with a whip.
The gnoll hits you with a whip!
You are too injured to fight recklessly!
You are too injured to fight recklessly!
You are too injured to fight recklessly!
You are too injured to fight recklessly!
You are too injured to fight recklessly!
You are too injured to fight recklessly!
You are too injured to fight recklessly!
You hit the gnoll.
The gnoll is severely wounded.
The gnoll hits you with a whip.
* * * LOW HITPOINT WARNING * * *
You hit the gnoll.
The gnoll is severely wounded.
The gnoll hits you with a whip!
You die...

...## #...........#............#
#### ##################.#######
#...........# #.########### #.#
####.################
############...b...............#
...............g##############.#
#########.##.###@.....########.#
....### #.##.# #.####.#......#.#
(....(# #.##'###.####.#.####.#.#
####..# #.#........##.#....#.#.#
#..# #.#........##.#....#)#.#
##.# #.#........##.######.#.#
#.###.#........##........#.#
#......#.#.###############.#
##.##..#.#.# #.#


You could see a gnoll and a bat.

Vanquished Creatures
  A ball python (D:1)
  A giant cockroach (D:1)
  3 goblins (D:1)
  A hobgoblin (D:1)
  A kobold (D:1)
  4 bats (D:1)
  3 rats (D:1)
14 creatures vanquished.

Notes
Turn   | Place    | Note
-------+----------+-------------------------------------------
     0 | Abyss:1  | drevant the Demonspawn Abyssal Knight began the quest for the Orb.
     0 | Abyss:1  | Reached XP level 1. HP: 18/18 MP: 2/2
    19 | Abyss:2  | Noticed a hellwing
    30 | Abyss:2  | Found a corrupted altar of Lugonu.
    46 | Abyss:2  | Found an opulent altar of Gozag.
    51 | Abyss:2  | Noticed a sixfirhy
    57 | D:1      | Escaped the Abyss
   266 | D:1      | Reached skill level 1 in Dodging
   447 | D:1      | Gained mutation: You sometimes gain a little power by taking damage. [demonic ancestry]
   447 | D:1      | Reached XP level 2. HP: 18/24 MP: 3/3
   459 | D:1      | Reached * piety under Lugonu
   938 | D:1      | Slain by a gnoll

Vault maps used:
D:1:      kennysheep_arrival_forest
D:2:      overflow_temple_1_default, lemuel_crystal_altar, corexii_shack

Skill      XL: |  1  2 |
---------------+-------+-----
Axes           | 2 |  2.2
Dodging        | 1 |  1.1
Armour         | 2 |  2.0
Fighting       | |  3.1
Invocations    | |  2.6

Action                   || total
-------------------------++-------
Melee: Hand axe          ||    44
Invok: Depart the Abyss  ||     1
 Stab: Sleeping          ||     1
Armor: Leather armour    ||    24
Dodge: Dodged            ||    50

Table legend:
 A = Spawn XP
 B = Non-spawn XP
 C = Spawn XP percentage of total XP
 D = Spawn monster count
 E = Non-spawn monster count
 F = Spawn count percentage of total count
 G = Total turns spent on level
                    A         B        C        D         E        F      G
               +---------+---------+-------+---------+---------+-------+---------
         Total |       0 |      22 |   0.0 |       0 |      14 |   0.0 |   938
               +---------+---------+-------+---------+---------+-------+---------
           D:1 |       0 |      22 |   0.0 |       0 |      14 |   0.0 |   876
               +---------+---------+-------+---------+---------+-------+---------
